 Dungeon Crawl Stone Soup version 0.24.0-37-gcf1ca852f1 (webtiles) character file.

Game seed: 13206296229268677130, levelgen mode: deterministic

42 Descartes the Grasshopper (level 3, 0/16 HPs)
             Began as a Felid Warper on Nov 27, 2019.
             Slain by a phantom (6 damage)
             ... on level 2 of the Dungeon.
             The game lasted 00:03:36 (1800 turns).

Descartes the Grasshopper (Felid Warper)            Turns: 1800, Time: 00:03:36

Health: 0/16       AC:  1    Str:  8    XL:     3   Next: 35%
Magic:  7/7        EV: 19    Int: 14    God:
Gold:   40         SH:  0    Dex: 18    Spells: 2/6 levels left
                                        Lives:  0   Deaths: 0

rFire    . . .     SeeInvis +     - Unarmed
rCold    . . .     Gourm    .   (shield unavailable)
rNeg     . . .     Faith    .   (armour unavailable)
rPois    .         Spirit   .   (helmet unavailable)
rElec    .         Reflect  .   (cloak unavailable)
rCorr    .         Harm     .   (gloves unavailable)
MR       .....                  (boots unavailable)
Stlth    ++........             (no amulet)
HPRegen  0.05/turn              g - +3 ring of dexterity
MPRegen  0.10/turn              (no ring)

@: quick
A: very small, no armour, no weapons or thrown items, stealth, claws 1, fangs 3,
see invisible, carnivore, speed 1, shaggy fur 1, slow metabolism 1, sharp paws
a: no special abilities


You were on level 2 of the Dungeon.
You were very full.

You visited 1 branch of the dungeon, and saw 2 of its levels.

You collected 40 gold pieces.

Inventory:

Missiles
 e - 51 stones
Jewellery
 g - a +3 ring of dexterity (left paw)
 h - an uncursed amulet of regeneration {unknown}
Scrolls
 a - 2 scrolls of remove curse {unknown}
 b - a scroll of blinking
 i - a scroll of magic mapping {unknown}
Potions
 f - a potion of curing {unknown}
Comestibles
 c - 5 rations


   Skills:
 + Level 2.3 Fighting
 + Level 3.5 Dodging
 + Level 1.4 Stealth
 * Level 2.7 Unarmed Combat
 + Level 2.2 Spellcasting
 + Level 0.4 Charms
 + Level 4.5 Translocations


You had 2 spell levels left.
You knew the following spells:

 Your Spells              Type           Power        Failure   Level  Hunger
a - Blink                 Tloc           N/A          5%          2    ###....
b - Shroud of Golubria    Chrm/Tloc      #.....       13%         2    ###....

Your spell library contained the following spells:

 Spells                   Type           Power        Failure   Level  Hunger
 Gell's Gravitas          Tloc           ##........   11%         3    ###....
 Lesser Beckoning         Tloc           ##........   11%         3    ###....
 Teleport Other           Tloc           ##......     11%         3    ###....
 Passage of Golubria      Tloc           N/A          36%         4    #####..


Dungeon Overview and Level Annotations

Branches:
Dungeon (2/15)

Altars:
Cheibriados


Innate Abilities, Weirdness & Mutations

You cannot wear armour.
You are incapable of wielding weapons or throwing items.
Your paws allow you to move quietly. (Stealth)
You have sharp claws.
You have razor-sharp teeth.
You have supernaturally acute eyesight. (SInv)
You are carnivorous and can eat meat at any time.
You cover ground quickly.
You are covered in fur. (AC +1)
You have a slow metabolism.
Your sharp claws are effective at attacking unaware monsters.


Message History

The phantom completely misses you.
You scratch the phantom.
The phantom is lightly damaged.
The phantom hits you!
Ouch! That really hurt!
You closely miss the phantom.
The phantom is lightly damaged.
The phantom completely misses you.
You barely miss the phantom.
The phantom is lightly damaged.
The phantom blinks!
The phantom blinks!
e - 51 stones (gained 4)
You start resting.
The phantom is too close now for your liking.
The phantom hits you but does no damage.
You barely miss the phantom.
The phantom is lightly damaged.
The phantom hits you.
You die...

#.##<..##..#
#.#
#..........#
#.#
####.......#
#.##
#.#######
#.w. #)##
#### #..#
##.# #.# #@#
#..W.#
#....#
.......
#.......
#........
#.#.._..#
#.#.....#


You could see a phantom.

Vanquished Creatures
  An adder (D:1)
  A dart slug (D:1)
  A leopard gecko (D:1)
  4 bats
  A giant cockroach (D:1)
  A goblin (D:1)
  2 hobgoblins (D:1)
  9 jackals (D:1)
  3 kobolds
  3 frilled lizards (D:1)
  2 rats (D:1)
28 creatures vanquished.

Notes
Turn   | Place    | Note
-------+----------+-------------------------------------------
     0 | D:1      | Descartes the Felid Warper began the quest for the Orb.
     0 | D:1      | Reached XP level 1. HP: 9/9 MP: 4/4
    92 | D:1      | Reached XP level 2. HP: 7/13 MP: 6/6
   572 | D:1      | Reached skill level 1 in Stealth
   917 | D:1      | Learned a level 2 spell: Blink
   920 | D:1      | Learned a level 2 spell: Shroud of Golubria
  1078 | D:1      | Reached XP level 3. HP: 11/16 MP: 5/7
  1764 | D:2      | Noticed a phantom
  1765 | D:2      | Found a snail-covered altar of Cheibriados.
  1800 | D:2      | Slain by a phantom

Levels and vault maps discovered:
D:1:      giann_forest_graveyard, layout_loops_ring
D:2:      layout_loops_cross, cheibriados_altar_1, minmay_heptomino_d4,
          uniq_jessica

Skill      XL: |  1  2 |
---------------+-------+-----
Stealth        | 1 |  1.4
Fighting       | |  2.3
Dodging        | |  3.5
Unarmed Combat | |  2.7
Spellcasting   | |  2.2
Charms         | |  0.4
Translocations | |  4.5

Action                   || total
-------------------------++-------
Melee: Unarmed           ||    97
       Bite              ||    10
 Cast: Shroud of Golubri ||     4
 Stab: Sleeping          ||     3
       Distracted        ||     1
  Eat: Chunk             ||     9
Armor: Skin              ||     7
Dodge: Dodged            ||    90
